AoeStats
← [LaCD] diegocm

Nomad

504934222Analyzed
4v4 RM · 25d ago on Sep 7, 2026· 58m 0s· 8 players
Game mode
Random Map
Map size
231×231
Population
200
Speed
Normal
Resources
Standard
Victory
Conquest
Starting age
Dark Age
Ending age
Imperial Age
RankedLock teamsTeams togetherTeam positionsShared explorationLock speedFull tech treeHidden civsTurbo modeCheats
Victory
Defeat
🇹🇷 Vikings · Türkiye
1279
+11
🇺🇸 Persians · United States
1274
+11
🇨🇴 Italians · Colombia
1089
+19
🇨🇦 Huns · Canada
1075
+19
🇨🇦 Japanese · Canada
1193
-16
🇺🇸 Koreans · United States
1178
-16
🇲🇽 Dravidians · Mexico
1158
-15
🇲🇽 Franks · Mexico
1115
-13
thegladiator989
6:43 Loom
16:54 Feudal Age
18:12 Wheelbarrow
18:00 Double-Bit Axe
18:15 Fishing Lines
19:09 Gold Mining
19:10 Stone Mining
19:51 Horse Collar
20:05 Fletching
20:26 Forging
20:17 Scale Mail Armor
20:18 Padded Archer Armor
23:02 Castle Age
23:39 Gillnets
24:17 Hand Cart
23:48 Town Watch
25:09 Medium Warships
25:23 Clinker Construction
25:24 Careening
26:38 Masonry
26:10 Treadmill Crane
31:05 Murder Holes
33:16 Heavy Plow
33:42 Yasama
33:07 Pikeman
36:26 Ballistics
39:33 Imperial Age
37:44 Gold Shaft Mining
37:09 Elite Skirmisher
37:37 Gambesons
37:52 Squires
37:37 Arson
40:28 Halberdier
42:13 Elite Samurai
44:19 Kataparuto
44:23 Conscription
45:19 Hoardings
45:03 Siege Engineers
50:17 Leather Archer Armor
49:57 Bodkin Arrow
51:07 Iron Casting
50:49 Chain Mail Armor
52:36 Plate Mail Armor
52:07 Bracer
53:55 Ring Archer Armor
54:53 Blast Furnace
54:47 Bow Saw
56:32 Blast Furnace
tech_auto
5:49 Loom
15:22 Feudal Age
15:55 Double-Bit Axe
17:53 Gold Mining
20:32 Castle Age
19:43 Stone Mining
19:46 Fishing Lines
20:04 Fletching
21:42 Bow Saw
23:20 Forging
24:08 Wheelbarrow
22:56 Crossbowman
24:43 Bodkin Arrow
28:05 Iron Casting
29:15 Gillnets
30:00 Scale Mail Armor
30:31 Medium Warships
32:25 Ballistics
32:22 Chain Mail Armor
32:38 Town Watch
34:23 Husbandry
35:01 Careening
38:17 Imperial Age
36:16 Light Cavalry
38:39 Thumb Ring
39:04 Squires
41:00 Bracer
41:43 Capped Ram
42:30 Scale Barding Armor
43:13 Conscription
43:23 Masonry
43:56 Treadmill Crane
46:39 Elite Skirmisher
48:30 Hand Cart
49:45 Two-Man Saw
52:36 Pikeman
Ratchet2krox
4:14 Loom
12:50 Feudal Age
15:06 Forging
CCM | Zero
6:34 Loom
13:17 Feudal Age
15:27 Fletching
15:31 Double-Bit Axe
15:57 Padded Archer Armor
19:12 Gold Mining
20:36 Wheelbarrow
20:11 Town Watch
23:41 Castle Age
24:41 Bodkin Arrow
24:07 Crossbowman
31:22 Leather Archer Armor
31:27 Horse Collar
38:01 Thumb Ring
38:19 Ballistics
47:09 Imperial Age
45:11 Masonry
44:50 Town Watch
45:51 Hand Cart
48:27 Bracer
49:24 Ring Archer Armor
49:17 Arbalester
50:17 Town Patrol
51:31 Chemistry
50:29 Stone Mining
53:24 Hoardings
53:10 Conscription
53:46 Pikeman
54:26 Squires
54:11 Gambesons
54:12 Arson
54:29 Scale Mail Armor
54:39 Forging
54:38 Halberdier
55:46 Wootz Steel
55:43 Chain Mail Armor
55:39 Murder Holes
57:11 Elite Skirmisher
Berkut!
5:43 Loom
14:39 Feudal Age
16:31 Double-Bit Axe
21:37 Castle Age
20:25 Horse Collar
21:54 Bloodlines
23:27 Scale Barding Armor
24:08 Bow Saw
24:09 Husbandry
25:26 Forging
28:35 Chain Barding Armor
38:14 Iron Casting
42:08 Fletching
47:11 Bodkin Arrow
Swordfish
3:21 Loom
16:40 Feudal Age
27:43 Castle Age
26:39 Bloodlines
26:38 Scale Barding Armor
26:43 Forging
38:22 Light Cavalry
52:29 Medium Warships
[LaCD] diegocm
5:00 Loom
14:12 Feudal Age
14:48 Double-Bit Axe
15:17 Town Watch
16:43 Fishing Lines
19:45 Wheelbarrow
19:09 Gold Mining
19:35 Forging
23:16 Scale Mail Armor
25:27 Castle Age
24:08 Fletching
24:14 Stone Mining
24:08 Horse Collar
26:29 Hand Cart
26:46 Bow Saw
27:14 Medium Warships
26:56 Gillnets
30:04 Heavy Plow
31:04 Iron Casting
31:24 Town Patrol
32:19 Chain Mail Armor
36:56 Stone Shaft Mining
36:21 Bodkin Arrow
37:22 Ballistics
41:47 Imperial Age
41:07 Treadmill Crane
41:22 Murder Holes
42:33 Padded Archer Armor
42:35 Bracer
42:36 Padded Archer Armor
43:38 Chemistry
43:05 Conscription
42:53 Capped Ram
43:23 Elite Genoese Crossbowman
46:40 Leather Archer Armor
52:12 Hoardings
B.Alejandro
5:55 Loom
15:59 Feudal Age
18:18 Fletching
19:32 Fishing Lines
25:45 Castle Age
25:04 Stone Mining
26:48 Bodkin Arrow
26:55 Scale Mail Armor
26:57 Squires
27:41 Double-Bit Axe
27:41 Horse Collar
28:27 Forging
32:55 Bow Saw
32:47 Heavy Plow
34:28 Chain Mail Armor
35:25 Iron Casting
40:01 Gold Mining
44:00 Imperial Age
42:59 Gold Shaft Mining
42:49 Chieftains
44:10 Capped Ram
44:13 Elite Berserk
46:00 Blast Furnace
46:23 Two-Man Saw
46:46 Gambesons
47:32 Plate Mail Armor
49:12 Coinage
48:20 Siege Ram
49:56 Conscription
54:18 Banking
Connection lost

Rejoining the realm…

Still unreachable

The connection could not be restored.

Session expired

The server has moved on; the page needs a fresh start.